3R
GIBTOWN ELEPHANTS @ CANONNIERS DE QUEBEC
08/30/2038
 
TOP OF THE 1ST
Gibtown Elephants batting - Pitching for Canonniers de Quebec : RHP Jack Farrell
Pitching: RHP Jack Farrell
Batting: RHB Rafael Riquelme 0-0: Ground out 6-3 (Groundball, 6, EV 90.0 MPH)
Batting: RHB Virgil Guldenmond 0-0: Called Strike
0-1: Ball
1-1: Called Strike
1-2: Ball
2-2: Strikes out looking
Batting: LHB Diego Moreno 0-0: Fly out, F6 (Popup, 6S, EV 71.9 MPH)
Top of the 1st over - 0 runs, 0 hits, 0 errors, 0 left on base; Gibtown 0 - Canonniers de Quebec 0
BOTTOM OF THE 1ST
Canonniers de Quebec batting - Pitching for Gibtown Elephants : RHP António López
Pitching: RHP António López
Batting: LHB Ewold de Regt 0-0: Ground out 1-3 (Groundball, 13, EV 69.4 MPH)
Batting: RHB José Cintrón 0-0: Called Strike
0-1: Ball
1-1: Fly out, F8 (Flyball, 8RM, EV 92.5 MPH)
Batting: LHB Knox Loposer 0-0: Ball
1-0: Foul Ball, location: 2F
1-1: Ground out 6-3 (Groundball, 6, EV 82.5 MPH)
Bottom of the 1st over - 0 runs, 0 hits, 0 errors, 0 left on base; Gibtown 0 - Canonniers de Quebec 0
TOP OF THE 2ND
Gibtown Elephants batting - Pitching for Canonniers de Quebec : RHP Jack Farrell
Batting: SHB Christian Cole 0-0: Ball
1-0: Ball
2-0: Ball
3-0: Base on Balls
Batting: RHB Joe Frank 0-0: Ball
1-0: Called Strike
1-1: Ball
2-1: Ball
3-1: Base on Balls
Christian Cole to second
Batting: RHB Colton Pennington 0-0: Swinging Strike
0-1: Ball
1-1: Ball
2-1: Fly out, F7 (Flyball, 78S, EV 88.8 MPH)
Batting: RHB Robinson Vargas 0-0: Ball
1-0: Ball
2-0: TRIPLE (Flyball, 78XD, EV 102.5 MPH)
Christian Cole scores
Joe Frank scores
Batting: RHB Alonso Salgado 0-0: Called Strike
0-1: Foul Ball, location: 2F
0-2: Strikes out looking
Batting: LHB Bilal Hussain 0-0: Ball
1-0: Fly out, F8 (Line Drive, 8LD, EV 105.6 MPH)
Top of the 2nd over - 2 runs, 1 hit, 0 errors, 1 left on base; Gibtown 2 - Canonniers de Quebec 0
BOTTOM OF THE 2ND
Canonniers de Quebec batting - Pitching for Gibtown Elephants : RHP António López
Batting: RHB Hulama Yani 0-0: Swinging Strike
0-1: Swinging Strike
0-2: Strikes out swinging
Batting: SHB Alex Warner 0-0: Foul Ball, location: 2F
0-1: Ball
1-1: Fly out, F3 (Popup, 34, EV 82.5 MPH)
Batting: RHB Joe Padilla 0-0: Called Strike
0-1: Foul Ball, location: 2F
0-2: Strikes out swinging
Bottom of the 2nd over - 0 runs, 0 hits, 0 errors, 0 left on base; Gibtown 2 - Canonniers de Quebec 0
TOP OF THE 3RD
Gibtown Elephants batting - Pitching for Canonniers de Quebec : RHP Jack Farrell
Batting: RHB Rafael Riquelme 0-0: Ball
1-0: Swinging Strike
1-1: Ball
2-1: Ground out 4-3 (Groundball, 4, EV 89.4 MPH)
Batting: RHB Virgil Guldenmond 0-0: Called Strike
0-1: Swinging Strike
0-2: Foul Ball, location: 2F
0-2: Ball
1-2: Foul Ball, location: 2F
1-2: Ball
2-2: Strikes out looking
Batting: LHB Diego Moreno 0-0: Ball
1-0: Foul Ball, location: 2F
1-1: Ball
2-1: Foul Ball, location: 2F
2-2: Ball
3-2: Foul Ball, location: 2F
3-2: SINGLE (Flyball, 9LM, EV 95.0 MPH)
Batting: SHB Christian Cole 0-0: Fielders Choice at 2nd, 6-4 (Groundball, 6, EV 76.2 MPH)
Top of the 3rd over - 0 runs, 1 hit, 0 errors, 1 left on base; Gibtown 2 - Canonniers de Quebec 0
BOTTOM OF THE 3RD
Canonniers de Quebec batting - Pitching for Gibtown Elephants : RHP António López
Batting: LHB Steve Burnett 0-0: Ball
1-0: Swinging Strike
1-1: Ball
2-1: Fly out, F7 (Flyball, 78S, EV 93.8 MPH)
Batting: RHB Boyd Tholen 0-0: Ball
1-0: Ground out 6-3 (Groundball, 6, EV 86.2 MPH)
Batting: RHB Dicky Veuger 0-0: Foul Ball, location: 2F
0-1: Foul Ball, location: 2F
0-2: Ball
1-2: SINGLE (Groundball, 34S, EV 90.6 MPH) (infield hit)
Batting: LHB Ewold de Regt 0-0: Called Strike
0-1: Ball
1-1: Ball
2-1: Ball
Dicky Veuger steals 2nd base
3-1: Fly out, F7 (Line Drive, 7, EV 89.4 MPH)
Bottom of the 3rd over - 0 runs, 1 hit, 0 errors, 1 left on base; Gibtown 2 - Canonniers de Quebec 0
TOP OF THE 4TH
Gibtown Elephants batting - Pitching for Canonniers de Quebec : RHP Jack Farrell
Batting: RHB Joe Frank 0-0: Called Strike
0-1: Ball
1-1: Called Strike
1-2: Ball
2-2: Ball
3-2: Base on Balls
Batting: RHB Colton Pennington 0-0: Called Strike
0-1: Foul Ball, location: 2F
0-2: Foul Ball, location: 2F
0-2: Ball
1-2: 2-RUN HOME RUN (Line Drive, 7D, EV 94.4 MPH), Distance : 372 ft
Batting: RHB Robinson Vargas 0-0: Ball
1-0: Foul Ball, location: 2F
1-1: Ball
2-1: Ball
3-1: Foul Ball, location: 2F
3-2: Fly out, F8 (Flyball, 8RS, EV 91.2 MPH)
Batting: RHB Alonso Salgado 0-0: Swinging Strike
0-1: Ball
1-1: Swinging Strike
1-2: Ball
2-2: Strikes out looking
Batting: LHB Bilal Hussain 0-0: Swinging Strike
0-1: Called Strike
0-2: Ball
1-2: Ball
2-2: Ground out 4-3 (Groundball, 4M, EV 103.8 MPH)
Top of the 4th over - 2 runs, 1 hit, 0 errors, 0 left on base; Gibtown 4 - Canonniers de Quebec 0
BOTTOM OF THE 4TH
Canonniers de Quebec batting - Pitching for Gibtown Elephants : RHP António López
Batting: RHB José Cintrón 0-0: Fly out, F6 (Line Drive, 6, EV 71.9 MPH)
Batting: LHB Knox Loposer 0-0: Swinging Strike
0-1: Swinging Strike
0-2: Foul Ball, location: 2F
0-2: Ground out 5-3 (Groundball, 56, EV 81.9 MPH)
Batting: RHB Hulama Yani 0-0: Ground out 4-3 (Groundball, 4MS, EV 88.1 MPH)
Bottom of the 4th over - 0 runs, 0 hits, 0 errors, 0 left on base; Gibtown 4 - Canonniers de Quebec 0
TOP OF THE 5TH
Gibtown Elephants batting - Pitching for Canonniers de Quebec : RHP Jack Farrell
Batting: RHB Rafael Riquelme 0-0: Ground out 6-3 (Groundball, 6, EV 83.1 MPH)
Batting: RHB Virgil Guldenmond 0-0: Called Strike
0-1: Ball
1-1: SINGLE (Line Drive, 34D, EV 98.8 MPH)
Batting: LHB Diego Moreno 0-0: Foul Ball, location: 2F
0-1: Swinging Strike
0-2: Grounds into double play, 5-4-3 (Groundball, 56, EV 82.5 MPH)
Top of the 5th over - 0 runs, 1 hit, 0 errors, 0 left on base; Gibtown 4 - Canonniers de Quebec 0
BOTTOM OF THE 5TH
Canonniers de Quebec batting - Pitching for Gibtown Elephants : RHP António López
Batting: SHB Alex Warner 0-0: Ball
1-0: Called Strike
1-1: Ball
2-1: Fly out, F8 (Flyball, 89D, EV 86.9 MPH)
Batting: RHB Joe Padilla 0-0: Ball
1-0: Ball
2-0: Called Strike
2-1: Fly out, F5 (Line Drive, 5, EV 66.2 MPH)
Batting: LHB Steve Burnett 0-0: Ball
1-0: Called Strike
1-1: Called Strike
1-2: Ball
2-2: Strikes out swinging
Bottom of the 5th over - 0 runs, 0 hits, 0 errors, 0 left on base; Gibtown 4 - Canonniers de Quebec 0
TOP OF THE 6TH
Gibtown Elephants batting - Pitching for Canonniers de Quebec : RHP Jack Farrell
Batting: SHB Christian Cole 0-0: Called Strike
0-1: Called Strike
0-2: Ball
1-2: Strikes out looking
Batting: RHB Joe Frank 0-0: Foul Ball, location: 2F
0-1: Ball
1-1: Foul Ball, location: 2F
1-2: Foul Ball, location: 2F
1-2: Ball
2-2: Fly out, F8 (Flyball, 89S, EV 96.2 MPH)
Batting: RHB Colton Pennington 0-0: Ball
1-0: Swinging Strike
1-1: Ball
2-1: Called Strike
2-2: Strikes out swinging
Top of the 6th over - 0 runs, 0 hits, 0 errors, 0 left on base; Gibtown 4 - Canonniers de Quebec 0
BOTTOM OF THE 6TH
Canonniers de Quebec batting - Pitching for Gibtown Elephants : RHP António López
Batting: RHB Boyd Tholen 0-0: Ball
1-0: Foul Ball, location: 2F
1-1: Called Strike
1-2: Strikes out swinging
Batting: RHB Dicky Veuger 0-0: Ball
1-0: Ground out 6-3 (Groundball, 4MD, EV 81.2 MPH)
Batting: LHB Ewold de Regt 0-0: Ball
1-0: Reached on error, E6 (Popup, 6, EV 65.6 MPH)
Batting: RHB José Cintrón 0-0: Called Strike
0-1: Called Strike
Ewold de Regt steals 2nd base (no throw)
0-2: Ball
1-2: Strikes out swinging
Bottom of the 6th over - 0 runs, 0 hits, 1 error, 1 left on base; Gibtown 4 - Canonniers de Quebec 0
TOP OF THE 7TH
Gibtown Elephants batting - Pitching for Canonniers de Quebec : RHP Jack Farrell
Batting: RHB Robinson Vargas 0-0: Ball
1-0: Foul Ball, location: 2F
1-1: Ball
2-1: Ground out 4-3 (Groundball, 4, EV 76.2 MPH)
Batting: RHB Alonso Salgado 0-0: Fly out, F8 (Line Drive, 8LD, EV 110.0 MPH)
Batting: LHB Bilal Hussain 0-0: Ball
1-0: Called Strike
1-1: Foul Ball, location: 2F
1-2: Ball
2-2: Strikes out looking
Top of the 7th over - 0 runs, 0 hits, 0 errors, 0 left on base; Gibtown 4 - Canonniers de Quebec 0
BOTTOM OF THE 7TH
Canonniers de Quebec batting - Pitching for Gibtown Elephants : RHP António López
Batting: LHB Knox Loposer 0-0: Ball
1-0: Called Strike
1-1: Foul Ball, location: 2F
1-2: Ball
2-2: TRIPLE (Flyball, 89XD, EV 99.4 MPH)
Batting: RHB Hulama Yani 0-0: Foul Ball, location: 2F
0-1: Ball
1-1: Foul Ball, location: 2F
1-2: Fly out, F7 (Flyball, 7S, EV 86.2 MPH)
Batting: SHB Alex Warner 0-0: Foul Ball, location: 2F
0-1: Ball
1-1: Swinging Strike
1-2: Ball
2-2: Ball
3-2: Ground out 4-3 (Groundball, 4, EV 84.4 MPH)
Knox Loposer scores
Batting: RHB Joe Padilla 0-0: Ball
1-0: Called Strike
1-1: Foul Ball, location: 2F
1-2: SINGLE (Flyball, 89M, EV 91.2 MPH)
Batting: LHB Steve Burnett 0-0: SINGLE (Line Drive, 9S, EV 108.1 MPH)
Joe Padilla to second
Batting: RHB Boyd Tholen 0-0: Foul Ball, location: 2F
0-1: Ball
1-1: Ball
2-1: SINGLE (Line Drive, 9S, EV 99.4 MPH)
Joe Padilla to third
Steve Burnett to second
Pinch Hitting: RHB Nobuhiko Ohayashi 0-0: Ball
1-0: Ball
2-0: Fielders Choice at 2nd, 6-4 (Groundball, 6, EV 100.6 MPH)
Bottom of the 7th over - 1 run, 4 hits, 0 errors, 3 left on base; Gibtown 4 - Canonniers de Quebec 1
TOP OF THE 8TH
Gibtown Elephants batting - Pitching for Canonniers de Quebec : RHP Jack Farrell
Now at 2B: Nobuhiko Ohayashi
Batting: RHB Rafael Riquelme 0-0: Ball
1-0: Ground out 5-3 (Groundball, 5S, EV 77.5 MPH)
Batting: RHB Virgil Guldenmond 0-0: Called Strike
0-1: Ball
1-1: Ball
2-1: Foul Ball, location: 2F
2-2: Ground out 6-3 (Groundball, 6, EV 89.4 MPH)
Batting: LHB Diego Moreno 0-0: Swinging Strike
0-1: Called Strike
0-2: Ball
1-2: Ground out U3 (Groundball, 34, EV 87.5 MPH)
Top of the 8th over - 0 runs, 0 hits, 0 errors, 0 left on base; Gibtown 4 - Canonniers de Quebec 1
BOTTOM OF THE 8TH
Canonniers de Quebec batting - Pitching for Gibtown Elephants : RHP António López
Batting: LHB Ewold de Regt 0-0: SINGLE (Groundball, 5D, EV 96.9 MPH)
Batting: RHB José Cintrón 0-0: Foul Ball, location: 2F
0-1: Ball
1-1: Ball
2-1: Ball
3-1: Ground out U3 (Groundball, 3S, EV 66.9 MPH)
Ewold de Regt to second
Batting: LHB Knox Loposer 0-0: Called Strike
0-1: Ball
1-1: Swinging Strike
1-2: Ball
2-2: Ball
3-2: Ground out 6-3 (Groundball, 6, EV 84.4 MPH)
Ewold de Regt to third
Pitching: RHP Graeme Clark
Batting: RHB Hulama Yani 0-0: Foul Ball, location: 2F
0-1: Fly out, F4 (Line Drive, 4, EV 67.5 MPH)
Bottom of the 8th over - 0 runs, 1 hit, 0 errors, 1 left on base; Gibtown 4 - Canonniers de Quebec 1
TOP OF THE 9TH
Gibtown Elephants batting - Pitching for Canonniers de Quebec : RHP Jack Farrell
Pitching: LHP Ralph Moore
Batting: SHB Christian Cole 0-0: Called Strike
0-1: Foul Ball, location: 2F
0-2: Foul Ball, location: 2F
0-2: Ball
1-2: Foul Ball, location: 2F
1-2: Ball
2-2: Ball
3-2: SOLO HOME RUN (Flyball, 9D, EV 108.1 MPH), Distance : 367 ft
Batting: RHB Joe Frank 0-0: Ball
1-0: Called Strike
1-1: Called Strike
1-2: Strikes out swinging
Batting: RHB Colton Pennington 0-0: Called Strike
0-1: Swinging Strike
0-2: Foul Ball, location: 2F
0-2: Strikes out swinging
Batting: RHB Robinson Vargas 0-0: SOLO HOME RUN (Flyball, 9LD, EV 96.9 MPH), Distance : 329 ft
Batting: RHB Alonso Salgado 0-0: Ball
1-0: Called Strike
1-1: Called Strike
1-2: DOUBLE (Line Drive, 78XD, EV 105.0 MPH)
Batting: LHB Bilal Hussain 0-0: Foul Ball, location: 2F
0-1: Ball
1-1: Swinging Strike
1-2: Foul Ball, location: 2F
1-2: Ball
2-2: Foul Ball, location: 2F
2-2: Strikes out swinging
Top of the 9th over - 2 runs, 3 hits, 0 errors, 1 left on base; Gibtown 6 - Canonniers de Quebec 1
BOTTOM OF THE 9TH
Canonniers de Quebec batting - Pitching for Gibtown Elephants : RHP Graeme Clark
Batting: SHB Alex Warner 0-0: Foul Ball, location: 2F
0-1: Swinging Strike
0-2: Hit by Pitch
Batting: RHB Joe Padilla 0-0: Fielders Choice at 2nd, 1-4 (Groundball, P, EV 68.8 MPH)
Batting: LHB Steve Burnett 0-0: Ball
1-0: Foul Ball, location: 2F
1-1: Swinging Strike
1-2: Strikes out swinging
Batting: RHB Boyd Tholen 0-0: Ball
1-0: Ball
2-0: Swinging Strike
2-1: Fly out, F4 (Line Drive, 4, EV 72.5 MPH)
Bottom of the 9th over - 0 runs, 0 hits, 0 errors, 1 left on base; Gibtown 6 - Canonniers de Quebec 1
Friday, April 17th, 2020 - OOTP Baseball 20.8 Build 74